 Dungeon Crawl Stone Soup version 0.28.0-62-gf88900778d (webtiles) character file.

Game seed: 1145899437399273278

2047824 jjjjhere the Acrobat (level 27, 157/158 HPs)
             Began as a Spriggan Air Elementalist on Feb 23, 2023.
             Was a High Priest of Ashenzari.
             Escaped with the Orb
             ... and 5 runes on Mar 4, 2023!
             The game lasted 05:04:22 (140338 turns).

jjjjhere the Acrobat (Spriggan Air Elementalist)  Turns: 140338, Time: 05:04:23

Health: 157/158    AC:  6    Str:  7    XL:     27
Magic:  54/64      EV: 40    Int: 28    God:    Ashenzari [*****.]
Gold:   6470       SH: 14    Dex: 20    Spells: 2/80 levels left

rFire   + + +      SeeInvis +   v - +3 whip "Jealousy of Ashenzari" {venom, rC+ Int+2, Elem, Fort} (curse)
rCold   + + .      Faith    .   V - +0 buckler of Ashenzari's Seer {Melee, Self} (curse)
rNeg    . . .      Spirit   .   y - +0 robe of Supernal Understanding {rC+ rF+, Comp, Bglg} (curse)
rPois   +          Reflect  +   L - +0 hat "Revealing Seeker" {Fort, Bglg} (curse)
rElec   +          Harm     .   G - scarf of the Ensconced Sage {repulsion, Alch, Elem} (curse)
rCorr   .          Rampage  .   (gloves unavailable)
Will    ++++.      Clarity  +   (boots unavailable)
Stlth   +++.......              u - amulet of Ashenzari's Suspicion {Reflect SH+5, Bglg, Self} (curse)
HPRegen 0.36/turn               O - ring "Geuse" {rPois rF+ MP+9}
MPRegen 0.39/turn               i - ring "Ruined Portent" {rElec rF+ AC+4 Str+3, Bglg, Alch} (curse)

@: studying Axes, repel missiles, very quick
A: very small, no large weapons, unfitting armour, see invisible, speed 3
0: Orb of Zot
}: 5/15 runes: decaying, abyssal, demonic, fiery, gossamer
a: Renounce Religion, Curse Item, Shatter the Chains


You escaped.
You worshipped Ashenzari.
Ashenzari was extremely pleased with you.
You visited 10 branches of the dungeon, and saw 48 of its levels.
You visited Pandemonium 3 times, and saw 15 of its levels.
You visited the Abyss 4 times.
You also visited: Volcano.

You collected 6770 gold pieces.
You spent 300 gold pieces at shops.

Inventory:

Hand Weapons
 t - the +4 short sword "Trog's Vengeance" {flame, rElec rF+++ rN+ Stlth-}
   (You found it on level 2 of the Depths)

   It burns those it strikes, dealing additional fire damage.
   rF:        It renders you almost immune to fire.
   rElec:     It insulates you from electricity.
   rN:        It protects you from negative energy.
   Stlth:     It makes you less stealthy.
 v - the cursed +3 whip "Jealousy of Ashenzari" (weapon) {venom, rC+ Int+2, Elem, Fort}
   (You found it on level 8 of the Dungeon)

   It poisons the flesh of those it strikes.
   Int:       It affects your intelligence (+2).
   rC:        It protects you from cold.
   It has a curse which improves the following skills: Elements: Fire Magic, Ice
   Magic, Air Magic and Earth Magic.
   Fortitude: Armour and Shields.
Missiles
 b - 5 curare-tipped darts
 k - 25 atropa-tipped darts
 D - 6 throwing nets (quivered)
Armour
 y - the cursed +0 robe of Supernal Understanding (worn) {rC+ rF+, Comp, Bglg}
   (You found it on level 3 of the Spider Nest)

   It has a curse which improves the following skills: Companions: Summonings
   and Necromancy.
   Beguiling: Conjurations, Hexes and Translocations.
 G - the cursed scarf of the Ensconced Sage (worn) {repulsion, Alch, Elem}
   (You found it on level 11 of the Dungeon)

   It has a curse which improves the following skills: Alchemy: Poison Magic and
   Transmutations.
   Elements:  Fire Magic, Ice Magic, Air Magic and Earth Magic.
 L - the cursed +0 hat "Revealing Seeker" (worn) {Fort, Bglg}
   (You found it on level 4 of the Spider Nest)

   It has a curse which improves the following skills: Fortitude: Armour and
   Shields.
   Beguiling: Conjurations, Hexes and Translocations.
 V - the cursed +0 buckler of Ashenzari's Seer (worn) {Melee, Self}
   (You took it off a spriggan on level 1 of the Swamp)

   It has a curse which improves the following skills: Melee Combat: Short
   Blades, Long Blades, Axes, Maces & Flails, Polearms, Staves and Unarmed
   Combat.
   Introspection: Fighting and Spellcasting.
Jewellery
 i - the cursed ring "Ruined Portent" (right hand) {rElec rF+ AC+4 Str+3, Bglg, Alch}
   (You took it off a deep elf pyromancer on level 3 of the Elven Halls)

   [ring of protection]

   AC:        It affects your AC (+4).
   Str:       It affects your strength (+3).
   rF:        It protects you from fire.
   rElec:     It insulates you from electricity.
   It has a curse which improves the following skills: Beguiling: Conjurations,
   Hexes and Translocations.
   Alchemy:   Poison Magic and Transmutations.
 j - the amulet "Numueced" {Acrobat rC+ Will+ Str+4 Stlth+}
   (You took it off a balrug in Pandemonium)

   [amulet of the acrobat]

   It increases your evasion while moving and waiting.
   Str:       It affects your strength (+4).
   rC:        It protects you from cold.
   Will:      It increases your willpower.
   Stlth:     It makes you more stealthy.
 q - the ring "Suuzue Gicai" {rC+ rCorr Stlth+}
   (You found it on level 2 of the Depths)

   [ring of protection from cold]

   rC:        It protects you from cold.
   rCorr:     It protects you from acid and corrosion.
   Stlth:     It makes you more stealthy.
 u - the cursed amulet of Ashenzari's Suspicion (around neck) {Reflect SH+5, Bglg, Self}
   (You took it off a deep elf demonologist on level 3 of the Elven Halls)

   [amulet of reflection]

   It reflects blocked missile attacks.
   SH:        It affects your SH (+5).
   It has a curse which improves the following skills: Beguiling: Conjurations,
   Hexes and Translocations.
   Introspection: Fighting and Spellcasting.
 w - a ring of flight
 B - a ring of protection from fire
 O - the ring "Geuse" (left hand) {rPois rF+ MP+9}
   (You acquired it on level 6 of the Lair of Beasts)

   [ring of magical power]

   rF:        It protects you from fire.
   rPois:     It protects you from poison.
   MP:        It affects your magic capacity (+9).
 S - the ring of Wafog {rPois rF+++ rCorr Str-3 Dex-5}
   (You found it on level 13 of the Dungeon)

   [ring of resist corrosion]

   Str:       It affects your strength (-3).
   Dex:       It affects your dexterity (-5).
   rF:        It renders you almost immune to fire.
   rPois:     It protects you from poison.
   rCorr:     It protects you from acid and corrosion.
 T - the ring "Daremyro" {Will+ MP+9 Int+10}
   (You acquired it on level 2 of the Depths)

   [ring of magical power]

   Int:       It affects your intelligence (+10).
   MP:        It affects your magic capacity (+9).
   Will:      It increases your willpower.
 W - the ring "Huir Up Bapt" {Wiz rN+ Will+}
   (You took it off a seraph in Pandemonium)

   [ring of wizardry]

   It improves your spell success rate.
   rN:        It protects you from negative energy.
   Will:      It increases your willpower.
Wands
 s - a wand of flame (145)
 C - a wand of paralysis (37)
 H - a wand of acid (14)
 I - a wand of iceblast (43)
 P - a wand of mindburst (26)
 R - a wand of charming (16)
 U - a wand of digging (7)
Scrolls
 a - 8 scrolls of enchant armour
 f - 14 scrolls of teleportation
 h - 8 scrolls of fear
 r - 7 scrolls of enchant weapon
 x - 2 scrolls of magic mapping
 E - 6 scrolls of blinking
 F - 6 scrolls of amnesia
 K - 3 scrolls of holy word
 Q - 2 scrolls of fog
 Y - 2 scrolls of brand weapon
Potions
 c - 6 potions of magic
 d - 9 potions of berserk rage
 e - 8 potions of mutation
 g - 2 potions of resistance
 l - 6 potions of haste
 m - 13 potions of might
 n - 15 potions of curing
 o - 3 potions of invisibility
 p - 7 potions of flight
 z - 14 potions of heal wounds
 A - 10 potions of ambrosia
 X - 2 potions of brilliance
Miscellaneous
 J - a condenser vane
 M - a lightning rod (4/4)
 N - a box of beasts
 Z - a phantom mirror


   Skills:
 + Level 17.2(20.4) Fighting
 - Level 3.2(5.2) Maces & Flails
 + Level 26.3 Dodging
 + Level 25.1 Stealth
 - Level 5.3(8.6) Shields
 - Level 24.8(27) Spellcasting
 - Level 7.0(12.4) Conjurations
 - Level 8.9(14.4) Hexes
 - Level 10.0(12.3) Summonings
 - Level 8.5(10.9) Necromancy
 + Level 15.2(20.6) Translocations
 - Level 13.5(16.9) Air Magic
 - Level 7.6(11.1) Earth Magic
 + Level 10.9 Evocations


You had 2 spell levels left.
You knew the following spells:

 Your Spells              Type           Power      Damage    Failure   Level
a - Shock                 Conj/Air       100%       1d9       0%          1
b - Airstrike             Air            46%        N/A       0%          4
c - Lightning Bolt        Conj/Air       44%        1d63      1%          5
d - Summon Lightning Spi  Summ/Air       88%        N/A       1%          4
e - Borgnjor's Vile Clut  Necr/Erth      39%        N/A       1%          5
f - Animate Dead          Necr           39%        N/A       1%          4
g - Iron Shot             Conj/Erth      40%        9d8       1%          6
h - Passage of Golubria   Tloc           100%       N/A       0%          4
i - Death Channel         Necr           39%        N/A       2%          6
j - Maxwell's Capacitive  Air            46%        ∞         8%          8
k - Spellforged Servitor  Conj/Summ      41%        N/A       6%          7
l - Enfeeble              Hex            43%        N/A       2%          7
m - Disjunction           Tloc           50%        N/A       1%          8
n - Malign Gateway        Summ/Tloc      46%        N/A       1%          7
o - Passwall              Tmut/Erth      52%        N/A       1%          2

Your spell library contained the following spells:

 Spells                   Type           Power      Damage    Failure   Level
 Animate Skeleton         Necr           100%       N/A       0%          1
 Apportation              Tloc           100%       N/A       0%          1
 Magic Dart               Conj           100%       1d8       0%          1
 Pain                     Necr           100%       1d9       0%          1
 Sandblast                Erth           100%       2d20      0%          1
 Summon Small Mammal      Summ           100%       N/A       0%          1
 Blink                    Tloc           100%       N/A       0%          2
 Corpse Rot               Necr/Air       100%       N/A       0%          2
 Searing Ray              Conj           100%       2d8       0%          2
 Static Discharge         Conj/Air       88%        N/A       0%          2
 Beastly Appendage        Tmut           80%        N/A       1%          1
 Foxfire                  Conj/Fire      100%       2x1d9     1%          1
 Freeze                   Ice            100%       1d11      1%          1
 Poisonous Vapours        Pois/Air       100%       N/A       1%          2
 Scorch                   Fire           80%        2d9       1%          2
 Sublimation of Blood     Necr           78%        N/A       1%          2
 Wereblood                Tmut           40%        N/A       1%          2
 Gell's Gravitas          Tloc           100%       N/A       0%          3
 Lesser Beckoning         Tloc           100%       N/A       0%          3
 Swiftness                Air            93%        N/A       0%          3
 Teleport Other           Tloc           100%       N/A       0%          3
 Tukima's Dance           Hex            87%        N/A       0%          3
 Iskenderun's Mystic Bla  Conj/Tloc      92%        2d18      0%          4
 Manifold Assault         Tloc           100%       N/A       0%          5
 Conjure Flame            Conj/Fire      65%        6-21      1%          3
 Inner Flame              Hex/Fire       68%        N/A       1%          3
 Stone Arrow              Conj/Erth      100%       3d13      1%          3
 Vampiric Draining        Necr           78%        2d11      1%          3
 Anguish                  Hex/Necr       41%        N/A       1%          4
 Animate Armour           Summ/Erth      100%       N/A       1%          4
 Cause Fear               Hex            43%        N/A       1%          4
 Flame Wave               Conj/Fire      65%        2d12      1%          4
 Fulminant Prism          Conj/Hex       42%        3d20      1%          4
 Hailstorm                Conj/Ice       65%        3d14      1%          4
 Summon Ice Beast         Ice/Summ       65%        N/A       1%          4
 Iskenderun's Battlesphe  Conj           82%        2d13      1%          5
 Metabolic Englaciation   Hex/Ice        34%        N/A       1%          5
 Silence                  Hex/Air        45%        N/A       1%          5
 Summon Mana Viper        Hex/Summ       85%        N/A       1%          5
 Yara's Violent Unravell  Hex/Tmut       34%        3d14      1%          5
 Conjure Ball Lightning   Conj/Air       44%        3x3d15    1%          6
 Dispersal                Tloc           50%        N/A       1%          6
 Summon Cactus Giant      Summ           41%        N/A       1%          6
 Fireball                 Conj/Fire      32%        3d14      2%          5
 Frozen Ramparts          Ice            80%        1d10      3%          3
 Ozocubu's Armour         Ice            40%        N/A       3%          3
 Spider Form              Tmut/Pois      40%        N/A       3%          3
 Orb of Destruction       Conj           41%        9d11      6%          7
 Monstrous Menagerie      Summ           41%        N/A       7%          7
 Summon Hydra             Summ           41%        N/A       7%          7
 Ice Form                 Ice/Tmut       40%        N/A       10%         4
 Statue Form              Tmut/Erth      42%        N/A       17%         6
 Simulacrum               Ice/Necr       31%        N/A       19%         6
 Discord                  Hex            43%        N/A       22%         8
 Blade Hands              Tmut           20%        N/A       28%         5
 Storm Form               Tmut/Air       36%        N/A       28%         7
 Lehudib's Crystal Spear  Conj/Erth      40%        10d10     54%         8
 Borgnjor's Revivificati  Necr           39%        N/A       67%         8
 Ozocubu's Refrigeration  Ice            20%        4d9       100%        7
 Necromutation            Tmut/Necr      31%        N/A       100%        8
 Death's Door             Necr           39%        N/A       100%        9


Dungeon Overview and Level Annotations

Branches:
Dungeon (15/15)            Temple (1/1) D:4            Lair (6/6) D:11
  Swamp (4/4) Lair:2       Spider (4/4) Lair:3        Slime (0/5) Lair:6
    Orc (2/2) D:11            Elf (3/3) Orc:2        Vaults (4/5) D:14
  Crypt (0/3) Vaults:3     Depths (4/4) D:15            Zot (5/5) Depths:4
Volcano (visited)

Altars:
Ashenzari
Cheibriados
Dithmenos
Elyvilon
Fedhas
Gozag
Hepliaklqana
Kikubaaqudgha
Makhleb
Nemelex Xobeh
Okawaru
Qazlal
Ru
Sif Muna
Trog
Vehumet
Wu Jian
Xom
Yredelemnul
Zin
The Shining One
Beogh
Jiyva

Shops:
D:5 (   D:6 (((   D:10 (   D:11 (   D:13 (   D:15 [   Orc:1 (   Orc:2 :?([*
Elf:1 *   Elf:2 !   Vaults:2 =   Vaults:3 (   Vaults:4 :   Depths:1 ((!
Depths:3 [

Portals:
Hell: Depths:1 Depths:2 Depths:3 Depths:4
Abyss: Depths:2 Depths:3
Pandemonium: Depths:2
Ziggurat: Depths:3

Annotations:
D:13 3 runed translucent doors, y3s's ghost, journeyman MiBe
D:14 1 runed translucent door, Garenzo's ghost, journeyman DrFE
D:15 2 runed translucent doors, exclusion: 2 doors, Kuralita's ghost, journeyman OpTm
Spider:1 Roxanne
Orc:2 Urug
Elf:2 3 runed translucent doors
Depths:4 Boris


Innate Abilities, Weirdness & Mutations

You are very small and have problems with some larger weapons.
You are too small for most types of armour.
You have supernaturally acute eyesight. (SInv)
You cover ground extremely quickly. (Speed+++)


Message History

The blast of flame misses you. The hell hound breathes flames at you.
The blast of flame misses you.
The blast of flame hits the hell hound.
The hell hound completely resists.
The hell hound closely misses you. You block the hell hound's attack.
Casting: Iron Shot (mildly dangerous; 1% risk of failure)
Confirm with . or Enter, or press ? or * to list all spells.
Aiming: Borgnjor's Vile Clutch (mildly dangerous; 1% risk of failure)
Press: ? - help, Shift-Dir - straight line, f - hell hound
Aim: a hell hound (catching its breath, 100% to hit)
Zombie hands grab the hell hound.
The zombie hands constrict the hell hound!
The hell hound completely misses you. x2
The hell hound breathes flames at you.
The blast of flame hits the hell hound.
The hell hound completely resists.
The blast of flame hits you. You resist. You block the hell hound's attack.
Casting: Borgnjor's Vile Clutch (mildly dangerous; 1% risk of failure)
Confirm with . or Enter, or press ? or * to list all spells.
Aiming: Iron Shot (mildly dangerous; 1% risk of failure)
Press: ? - help, Shift-Dir - straight line, f/p - hell hound
Aim: a hell hound (moderately wounded, catching its breath, constricted by zombie hands, 100% to hit)
The iron shot hits the hell hound!!
You kill the hell hound!
The hell hound breathes flames at you. The blast of flame hits you. You resist.
You block the hell hound's attack. The hell hound misses you.
The hell hound completely misses you. You block the hell hound's attack.
There is a staircase leading out of the dungeon here.
You see here a hell hound corpse.
Enter note: phew
Enter note: wanted to use the insta-kill air spell
Enter note: but didnt find it until super late
Enter note: ash is.. interesting
Enter note: really helpful when trying to be stealthy
Enter note: endgame is still kind of stressful
Enter note: as is having tiny amounts of health only protected by evasion
Enter note: maybe could've done more extended, but it was more stress than fun
Okay, then.
You block the hell hound's attack. The hell hound completely misses you.
You have escaped!

#.##.##.....# #.......
..##......### ###.##♣.
##>.####### #..... ##..#######
#####. ..##....#### ######### ##
#.##.#..##############.......# ##
####....#####........#.##.##.# #.
#.........##...####.#.#.#.#.###.
##.........##..h@###.#..###.....)
...........##.#h####.#.#.#.#.###.
###............h..##.#.##.##.# #.
#......#####.###.##.#.......# #.
##.....#####........####.#### #.
##.############.###........# ##
#.# #........###.##.## #.#
##.##.##..# #.##..## ##'##
#.....##..# #......#


You could see 3 hell hounds.

Vanquished Creatures
  Cerebov (Pan)
  A seraph (Pan)
  A dread lich (Zot:5)
  An ancient lich (Zot:5)
  2 juggernauts
  2 orbs of fire
  Boris (Vaults:4)
  Bai Suzhen (Spider:3)
  The ghost of Heoriaro the Bludgeoner, a legendary GnFi of Cheibriados (Zot:2)
  Saint Roka (Vaults:4)
  3 Killer Klowns
  Xtahua (Vaults:4)
  2 curse toes (Zot:4)
  2 golden dragons
  2 bone dragons
  A Brimstone Fiend (Pan)
  2 Tzitzimimeh (Depths:2)
  An electric golem (Zot:4)
  Rupert (Lair:4)
  6 tentacled monstrosities
  A walking earthen tome (Depths:3)
  3 Orb Guardians (Zot:5)
  2 deep elf blademasters (Elf:3)
  2 liches (Depths:3)
  A walking frostbound tome (Depths:4)
  A deep elf master archer (Elf:3)
  4 quicksilver dragons
  2 death cobs
  2 Executioners
  Frances (Elf:1)
  A thorn hunter (Swamp:4)
  4 shadow dragons
  Kirke (Lair:4)
  6 sphinxes
  Agnes (D:15)
  10 storm dragons
  2 tengu reavers
  A daeva (Pan)
  A fenstrider witch (Swamp:4)
  5 draconian knights
  4 draconian monks
  A demonspawn warmonger (Pan)
  2 frost giants
  4 fire giants
  7 balrugs (Pan)
  5 emperor scorpions
  9 ghost moths
  7 vault wardens
  3 deep elf sorcerers
  4 draconian scorchers
  3 orc warlords
  3 ghouls (Swamp:4)
  6 ironbound preservers
  7 draconian stormcallers
  A reaper (Pan)
  2 draconian shifters
  3 draconian annihilators
  2 deep elf elementalists
  6 angels (Pan)
  A spriggan defender (Depths:4)
  3 eleionomae
  6 very ugly things
  9 deep elf demonologists (Elf:3)
  6 stone giants
  6 green draconians
  A broodmother (Spider:3)
  6 ophanim (Pan)
  9 black draconians
  11 deep elf annihilators (Elf:3)
  4 apis (Pan)
  9 ironbound thunderhulks
  3 demonspawn black suns (Pan)
  A vampire knight (Depths:4)
  2 bunyips (Swamp:4)
  2 lorocyprocas
  7 red draconians
  20 dire elephants
  3 white draconians
  6 yellow draconians
  3 entropy weavers
  3 purple draconians
  A blizzard demon (Pan)
  3 spark wasps
  4 deep elf death magi
  4 green deaths
  7 ettins
  2 deep elf high priests (Elf:3)
  5 fire dragons
  Josephine (Orc:1)
  Fannar (Lair:3)
  14 yaktaur captains
  2 jorogumos
  4 great orbs of eyes
  A hell beast (Depths:1)
  A peacekeeper (Vaults:2)
  5 spriggan air magi
  3 boulder beetles
  3 rakshasas
  13 hydras
  10 ironbound frosthearts
  3 radroaches
  4 ice dragons
  A jorogumo (shapeshifter) (D:14)
  2 alligators (Swamp:2)
  19 centaur warriors
  3 two-headed ogres
  15 dancing weapons
  Erica (D:8)
  A death scarab (Spider:4)
  4 deep troll shamans
  6 deep troll earth magi
  2 vampire magi
  A death yak (Lair:3)
  7 tengu warriors
  4 spriggan berserkers
  A thrashing horror (Swamp:4)
  17 sun demons (Pan)
  8 hell knights
  A shock serpent (shapeshifter) (Vaults:3)
  A wretched star (Abyss:3)
  A fire crab (shapeshifter) (Depths:3)
  11 deep elf knights
  8 skeletal warriors
  A salamander mystic (Volcano)
  2 pharaoh ants
  A sixfirhy (Depths:2)
  A soul eater (Depths:4)
  3 goliath frogs
  A glowing orange brain (shapeshifter) (D:15)
  9 orb spiders
  A death drake (Swamp:2)
  4 sun moths
  An iron troll (Depths:2)
  6 bog bodies
  5 cherubim (Pan)
  8 steelbarb worms
  2 spriggan druids
  26 deep trolls
  16 deep elf archers
  5 wizards
  6 harpies
  9 lindwurms
  7 swamp dragons
  5 orc knights
  5 necromancers
  19 ironbound convokers
  Pikel (D:8)
  6 orc sorcerers
  25 deep elf pyromancers
  23 deep elf zephyrmancers
  3 will-o-the-wisps
  A harpy (shapeshifter) (D:14)
  7 cyclopes
  28 wolf spiders
  2 manticores
  2 salamanders (Volcano)
  28 ugly things
  A cyclops (shapeshifter) (Elf:1)
  A moth of wrath (shapeshifter) (Depths:2)
  22 moths of wrath
  2 fire giant skeletons
  A guardian serpent (Lair:5)
  8 black mambas
  2 elephants (Lair:5)
  A black mamba (shapeshifter) (D:13)
  4 stone giant skeletons (Vaults:3)
  A smoke demon (Pan)
  7 orange demons
  13 cane toads
  6 torpor snails
  An unseen horror (D:12)
  A rime drake (Lair:5)
  12 vault sentinels
  36 yaktaurs
  A tormentor (Pan)
  8 demonic crawlers
  7 efreet
  A yaktaur skeleton (Vaults:3)
  2 ice devils
  2 tengu conjurers
  10 komodo dragons
  A red devil (Depths:2)
  4 trolls
  9 meliai
  3 large abominations
  10 polar bears
  3 nameless horrors
  13 hornets
  A queen bee (Abyss:3)
  A wolf spider simulacrum (D:14)
  An ettin zombie (Vaults:1)
  2 dream sheep (Lair:6)
  3 bloated husks (Swamp:1)
  22 tarantellas
  7 tyrant leeches
  14 blink frogs
  2 raiju (Lair:6)
  33 slime creatures
  A frost giant simulacrum (Vaults:1)
  13 wyverns
  10 spriggans
  28 jumping spiders
  11 culicivoras
  A spriggan (shapeshifter) (D:13)
  5 air elementals
  4 water elementals
  4 hogs
  36 yaks
  7 wraiths
  4 shadows (Swamp:4)
  5 basilisks
  A chaos spawn (Depths:2)
  17 humans
  11 ynoxinuls (Pan)
  53 redbacks
  12 vampire mosquitoes
  3 steam dragons
  2 fire elementals
  3 neqoxecs
  A hog (shapeshifter) (Elf:1)
  5 wargs
  21 swamp worms
  16 hell hounds
  15 water moccasins
  28 orc warriors
  2 ice beasts
  11 black bears
  2 necrophages
  4 sky beasts
  9 ogres
  24 wolves
  11 centaurs
  4 boggarts (D:14)
  4 human skeletons
  A lemure (D:8)
  10 bullfrogs
  3 gnoll sergeants
  2 scorpions
  2 earth elementals (Elf:1)
  A wyvern skeleton (D:7)
  6 killer bees
  4 wights (D:8)
  2 jellies
  2 howler monkeys
  An electric eel (Lair:2)
  4 crimson imps (D:7)
  3 centaur zombies
  A bullfrog zombie (D:5)
  26 orc priests
  2 gnoll shamans
  2 hounds
  A bullfrog skeleton (D:6)
  3 iguanas
  4 hell rats (Lair:4)
  24 orc wizards
  A hound skeleton (D:5)
  A howler monkey zombie (D:10)
  20 gnolls
  A howler monkey skeleton (D:4)
  11 adders
  3 white imps
  An adder skeleton (D:4)
  3 worms
  3 dart slugs
  92 orcs
  8 endoplasms
  3 giant cockroaches
  9 goblins
  4 hobgoblins
  10 jackals (D:1)
  3 quokkas
  3 bats
  4 frilled lizards
  9 kobolds
  4 rats
1722 creatures vanquished.

Vanquished Creatures (collateral kills)
  Sojobo (Depths:1)
  the Lernaean hydra (Swamp:4)
  2 Killer Klowns (Zot:5)
  A curse toe (Zot:3)
  Nikola (Swamp:3)
  2 golden dragons (Zot:5)
  An electric golem (Zot:5)
  7 tentacled monstrosities
  3 quicksilver dragons
  17 Orb Guardians (Zot:5)
  A walking frostbound tome (Depths:4)
  2 Executioners (Pan)
  2 death cobs
  3 shadow dragons
  A sphinx (Depths:3)
  A tengu reaver (Depths:1)
  A demonspawn warmonger (Pan)
  8 storm dragons
  7 daevas (Pan)
  A draconian knight (Zot:1)
  3 draconian monks
  Donald (Spider:2)
  A frost giant (Depths:3)
  2 emperor scorpions (Spider:4)
  2 vault wardens
  6 balrugs (Pan)
  2 draconian shifters
  4 very ugly things
  10 angels (Pan)
  4 draconian annihilators
  8 ophanim (Pan)
  3 draconian stormcallers
  2 ironbound preservers
  2 broodmothers
  2 black draconians (Depths:4)
  A stone giant (Depths:4)
  6 apis (Pan)
  2 eleionomae
  12 green draconians
  7 white draconians
  2 spark wasps (Depths:3)
  A bunyip (Swamp:2)
  7 purple draconians
  7 red draconians
  A dire elephant (Vaults:3)
  3 yellow draconians
  An ettin (Depths:1)
  A green death (Swamp:4)
  2 fire dragons (Depths:2)
  A great orb of eyes (Depths:2)
  A deep elf high priest (Elf:3)
  A rakshasa (Depths:3)
  4 hydras
  2 boulder beetles
  An ice dragon (Depths:2)
  2 catoblepae
  An ironbound frostheart (Vaults:3)
  A ghost crab (Swamp:4)
  2 spriggan air magi
  A two-headed ogre (D:14)
  A radroach (Spider:1)
  2 deep troll shamans
  2 death yaks (Lair:4)
  A hell hog (Depths:1)
  A tengu warrior (Depths:1)
  A spriggan berserker (Depths:3)
  11 sun demons (Pan)
  2 hell knights (Depths:1)
  3 spriggans
  5 skeletal warriors
  7 iron trolls
  6 cherubim (Pan)
  3 swamp dragons
  13 deep trolls
  2 bog bodies (Swamp:3)
  A lindwurm (Lair:6)
  A steelbarb worm (Spider:4)
  An orb spider (Spider:4)
  2 necromancers (Depths:1)
  2 wizards (Vaults:3)
  2 orc knights (Orc:2)
  8 ugly things
  An orc sorcerer (Orc:2)
  3 elephants (Lair:5)
  A manticore (Lair:6)
  4 wolf spiders
  6 moths of wrath
  4 salamanders (Volcano)
  4 black mambas (Lair:6)
  4 cane toads
  2 human skeletons (Vaults:3)
  3 torpor snails
  A vault sentinel (Vaults:3)
  A smoke demon (Pan)
  2 orange demons (Pan)
  2 large abominations
  2 demonic crawlers (Spider:1)
  A rime drake (Lair:5)
  3 yaktaurs
  3 komodo dragons
  2 efreet (Pan)
  2 trolls
  2 nameless horrors (Pan)
  3 hornets
  3 polar bears
  4 tarantellas
  8 blink frogs
  A dream sheep (Lair:6)
  A stone giant simulacrum (Vaults:1)
  9 slime creatures
  6 jumping spiders
  An ettin skeleton (Vaults:2)
  3 ynoxinuls (Pan)
  2 wyverns
  4 culicivoras
  4 humans (D:14)
  24 yaks
  2 hogs (Lair:4)
  2 water elementals (Depths:3)
  8 redbacks
  A basilisk (Lair:1)
  A chaos spawn (Abyss:3)
  2 wargs (Orc:2)
  A swamp worm (Swamp:2)
  8 water moccasins
  8 orc warriors
  A necrophage (Swamp:4)
  A black bear (Lair:6)
  2 wolves
  4 bullfrogs
  3 orc priests (Vaults:4)
  An orc wizard (Vaults:4)
  2 hell rats (Lair:4)
  11 orcs
446 creatures vanquished.

Vanquished Creatures (others)
  6 eldritch tentacles
  A black draconian (Zot:3)
  A cherub (Pan)
  A spriggan druid (Swamp:3)
  A wolf spider (D:14)
  A slime creature (D:14)
  A centaur simulacrum (D:14)
  2 spriggans (Swamp:3)
  A nameless horror (Pan)
  77 bushes
  10 foxfires
  80 fungi
  154 plants
  9 starspawn tentacles (Abyss:3)
  12 withered plants (Depths:1)
357 creatures vanquished.

Grand Total: 2525 creatures vanquished

Notes
Turn   | Place    | Note
-------+----------+-------------------------------------------
     0 | D:1      | jjjjhere the Spriggan Air Elementalist began the quest for
                  | the Orb.
     0 | D:1      | Reached XP level 1. HP: 9/9 MP: 5/5
   506 | D:1      | Reached XP level 2. HP: 10/13 MP: 0/7
  1054 | D:1      | Reached XP level 3. HP: 15/16 MP: 0/9
  2727 | D:2      | Found a faded altar of an unknown god.
  2727 | D:2      | Noticed a smoke demon
  2778 | D:2      | Found a white marble altar of Elyvilon.
  2789 | D:2      | Reached skill level 5 in Stealth
  3123 | D:3      | Reached XP level 4. HP: 21/21 MP: 3/11
  3188 | D:3      | Learned a level 4 spell: Airstrike
  4390 | D:4      | Found a staircase to the Ecumenical Temple.
  4563 | D:4      | Reached XP level 5. HP: 24/24 MP: 9/12
  4585 | Temple   | Entered the Ecumenical Temple
  4822 | Temple   | Became a worshipper of Ashenzari the Shackled
  4968 | D:4      | Noticed a black bear
  5047 | D:4      | Killed a black bear
  5204 | D:4      | HP: 4/24 [orc wizard/magic dart (8)]
  5210 | D:4      | Reached skill level 5 in Air Magic
  5212 | D:4      | Reached XP level 6. HP: 6/28 MP: 2/13
  6160 | D:5      | Entered Level 5 of the Dungeon
  6235 | D:5      | Found an opulent altar of Gozag.
  6728 | D:5      | Reached XP level 7. HP: 32/32 MP: 4/14
  7000 | D:5      | Reached skill level 5 in Spellcasting
  8109 | D:5      | Noticed a wyvern
  8112 | D:5      | Killed a wyvern
  8113 | D:5      | Reached XP level 8. HP: 36/36 MP: 5/18
  8592 | D:6      | Found Eselosoifo's Antique Weapon Shoppe.
  8936 | D:6      | Found a white marble altar of Elyvilon.
  8998 | D:6      | Found a shadowy altar of Dithmenos.
  9850 | D:6      | Found Yluwoesi's Weapon Emporium.
  9882 | D:6      | Found an ornate altar of the Wu Jian Council.
 10031 | D:6      | Reached skill level 3 in Dodging
 10129 | D:6      | Reached skill level 4 in Dodging
 10283 | D:6      | Found Viawaari's Weapon Boutique.
 10343 | D:6      | Reached XP level 9. HP: 39/39 MP: 13/22
 10489 | D:7      | Found a snail-covered altar of Cheibriados.
 10521 | D:7      | Found a shimmering altar of Xom.
 10858 | D:7      | Reached skill level 5 in Dodging
 11524 | D:7      | Found a stormy altar of Qazlal.
 11990 | D:8      | Noticed Pikel
 12120 | D:8      | Killed Pikel
 12121 | D:8      | Reached skill level 6 in Dodging
 12204 | D:8      | Identified the +3 whip "Lizeicre" {venom, rC+ Int+2}
 12316 | D:8      | Reached skill level 10 in Spellcasting
 12590 | D:8      | Reached skill level 7 in Dodging
 12940 | D:8      | Noticed Erica
 12945 | D:8      | Killed Erica
 12946 | D:8      | Reached skill level 10 in Stealth
 12946 | D:8      | Reached XP level 10. HP: 44/44 MP: 5/25
 13186 | D:8      | Reached skill level 8 in Dodging
 13911 | D:9      | Found a hazy altar of Hepliaklqana.
 14533 | D:9      | Reached skill level 9 in Dodging
 15634 | D:10     | Entered Level 10 of the Dungeon
 15684 | D:10     | Found a burning altar of Makhleb.
 15687 | D:10     | Found a glowing silver altar of Zin.
 15687 | D:10     | Noticed a green death
 15687 | D:10     | Noticed an angel
 15712 | D:10     | Found a sacrificial altar of Ru.
 15986 | D:10     | Learned a level 5 spell: Lightning Bolt
 16042 | D:10     | Noticed a tengu warrior
 16056 | D:10     | Killed a tengu warrior
 16328 | D:10     | Noticed a cyclops
 16405 | D:10     | Noticed an orc knight
 16428 | D:10     | Reached skill level 10 in Dodging
 16541 | D:10     | Noticed a deep elf pyromancer
 16547 | D:10     | Killed a deep elf pyromancer
 16548 | D:10     | Reached XP level 11. HP: 47/47 MP: 9/28
 17085 | D:10     | HP: 13/47 [yaktaur/bolt (3)]
 17640 | D:10     | Found a shimmering altar of Xom.
 17653 | D:10     | Noticed a two-headed ogre
 17918 | D:10     | Noticed a centaur warrior
 18113 | D:11     | Found Riymij's Weapon Shoppe.
 18113 | D:11     | Found a staircase to the Orcish Mines.
 18335 | D:10     | Killed a two-headed ogre
 19114 | D:11     | Found a staircase to the Lair.
 19120 | D:11     | Noticed an eight-headed hydra
 19504 | D:11     | Learned a level 4 spell: Summon Lightning Spire
 19620 | D:11     | Killed an eight-headed hydra
 20061 | D:11     | Found an opulent altar of Gozag.
 20280 | Lair:1   | Entered Level 1 of the Lair of Beasts
 20339 | Lair:1   | Noticed a six-headed hydra
 20345 | Lair:1   | Killed a six-headed hydra
 20346 | Lair:1   | Reached skill level 11 in Dodging
 20525 | Lair:1   | Reached skill level 10 in Air Magic
 21744 | Lair:2   | Reached * piety under Ashenzari
 21885 | Lair:2   | Reached XP level 12. HP: 51/51 MP: 17/30
 21945 | Lair:2   | Noticed a five-headed hydra
 21969 | Lair:2   | Noticed an eight-headed hydra
 21977 | Lair:2   | Killed an eight-headed hydra
 22163 | Lair:2   | Reached skill level 12 in Dodging
 22463 | Lair:2   | Killed a five-headed hydra
 22819 | Lair:2   | Found a staircase to the Swamp.
 24312 | Lair:2   | Reached skill level 13 in Dodging
 24564 | Lair:3   | Reached skill level 1 in Fighting
 24612 | Lair:3   | Noticed Fannar
 24733 | Lair:3   | Found a hole to the Spider Nest.
 24987 | Lair:3   | Killed Fannar
 25590 | Lair:4   | Noticed a four-headed hydra
 25599 | Lair:4   | Noticed a death yak
 25754 | Lair:4   | Noticed Rupert
 25777 | Lair:3   | Killed a death yak
 26195 | Lair:4   | Noticed a catoblepas
 26220 | Lair:3   | Killed a four-headed hydra
 26221 | Lair:3   | Reached XP level 13. HP: 52/60 MP: 8/32
 26335 | Lair:4   | Reached skill level 14 in Dodging
 26775 | Lair:4   | Reached ** piety under Ashenzari
 27277 | Lair:4   | Killed Rupert
 27409 | Lair:4   | Noticed Kirke
 27492 | Lair:3   | Identified the cursed scarf of the Ensconced Sage
                  | {repulsion, Alch, Elem} (You found it on level 11 of the
                  | Dungeon)
 27492 | Lair:3   | Identified the cursed +2 robe "I Knew You'd Do That" {rC+,
                  | Alch, Bglg} (You took it off Fannar on level 3 of the Lair
                  | of Beasts)
 27942 | Lair:4   | Reached *** piety under Ashenzari
 28471 | Lair:4   | Killed Kirke
 28678 | Lair:4   | Reached skill level 15 in Dodging
 29167 | Lair:5   | Reached skill level 5 in Fighting
 29310 | Lair:5   | Found a burning altar of Makhleb.
 30991 | Lair:6   | Entered Level 6 of the Lair of Beasts
 30991 | Lair:6   | Identified a scroll of acquirement
 31002 | Lair:6   | Acquired the ring "Geuse" {rPois rF+ MP+9}
 31186 | Lair:6   | Found a viscous altar of Jiyva.
 31186 | Lair:6   | Found a staircase to the Slime Pits.
 31623 | Lair:6   | Reached skill level 16 in Dodging
 31701 | Lair:6   | Reached XP level 14. HP: 70/70 MP: 32/33
 35569 | Lair:6   | Reached skill level 17 in Dodging
 36823 | Lair:6   | Reached skill level 15 in Spellcasting
 37600 | Orc:1    | Entered Level 1 of the Orcish Mines
 38226 | Orc:1    | Noticed Josephine
 38236 | Orc:1    | Killed Josephine
 38386 | D:12     | Reached skill level 15 in Stealth
 38604 | D:12     | Identified the +3 mace "Vasuh" {drain, rPois Int+4}
 39641 | D:13     | Found a shadowy altar of Dithmenos.
 39723 | D:13     | Identified the ring of Wafog {rPois rF+++ rCorr Str-3
                  | Dex-5}
 39732 | D:13     | Reached XP level 15. HP: 77/77 MP: 31/35
 40525 | D:13     | Found Xoxoxem's Weapon Shoppe.
 40867 | D:13     | Found a runed translucent gate.
 40869 | D:13     | Found a runed translucent gate.
 40869 | D:13     | Noticed y3s's ghost (journeyman MiBe)
 40875 | D:13     | Noticed a tengu reaver
 40898 | D:13     | Found a runed translucent gate.
 41337 | D:14     | Found a gate to the Vaults.
 42165 | Orc:2    | Entered Level 2 of the Orcish Mines
 42239 | Orc:2    | Found a dark tunnel.
 42245 | Volcano  | Entered a volcano
 42293 | Volcano  | Found a bloodstained altar of Trog.
 42590 | Volcano  | Reached skill level 18 in Dodging
 42909 | Orc:2    | Found a staircase to the Elven Halls.
 44355 | Orc:2    | Found Kanideug's Assorted Antiques.
 44363 | Orc:2    | Bought a scroll labelled HAZO YMYEGH for 36 gold pieces
 44421 | Orc:2    | Noticed Urug
 44877 | Orc:2    | Found Muong's Book Boutique.
 45409 | Orc:2    | Noticed an orc warlord
 45422 | Orc:2    | Killed an orc warlord
 45849 | Orc:2    | Found Rankaub's Magic Scroll Emporium.
 46016 | Orc:2    | Found Aschyriqo's Antique Weapon Shoppe.
 46020 | Orc:2    | Found Untull's Antique Armour Emporium.
 46034 | Orc:2    | Bought a shiny orb for 264 gold pieces
 46281 | Orc:2    | Reached **** piety under Ashenzari
 46481 | Swamp:1  | Entered Level 1 of the Swamp
 47855 | Swamp:2  | Reached skill level 1 in Shields
 48418 | Swamp:2  | Reached skill level 1 in Evocations
 49320 | Swamp:3  | Learned a level 5 spell: Borgnjor's Vile Clutch
 49824 | Swamp:3  | Reached skill level 1 in Necromancy
 49824 | Swamp:3  | Reached skill level 1 in Earth Magic
 49933 | Swamp:3  | Reached XP level 16. HP: 87/87 MP: 35/39
 50363 | Swamp:3  | Noticed Nikola
 50395 | Swamp:3  | HP: 21/87 [Nikola/arc of chain lightning (33)]
 50687 | Swamp:3  | Killed Nikola
 51239 | Swamp:4  | Entered Level 4 of the Swamp
 51259 | Swamp:4  | Noticed a thorn hunter
 53646 | Swamp:4  | Killed a thorn hunter
 54222 | Swamp:4  | Reached skill level 5 in Shields
 54227 | Swamp:4  | Reached skill level 5 in Necromancy
 54227 | Swamp:4  | Reached skill level 5 in Earth Magic
 54231 | Swamp:4  | Noticed the 27-headed Lernaean hydra
 54533 | Spider:1 | Entered Level 1 of the Spider Nest
 54995 | Spider:1 | HP: 27/87 [disintegration (40)]
 55002 | Lair:3   | HP: 9/87 [wolf spider (21)]
 55346 | Lair:2   | Reached skill level 1 in Conjurations
 58050 | Spider:1 | Noticed Roxanne
 58077 | Spider:1 | Reached XP level 17. HP: 81/91 MP: 22/40
 60142 | Spider:2 | Learned a level 4 spell: Animate Dead
 60161 | Spider:1 | Learned a level 6 spell: Iron Shot
 61078 | Spider:2 | Reached skill level 5 in Conjurations
 61127 | Spider:2 | Noticed Donald
 61138 | Spider:2 | Killed Donald
 62038 | Spider:3 | Noticed Bai Suzhen
 62500 | Spider:3 | Killed Bai Suzhen
 63216 | Spider:2 | HP: 30/91 [culicivora (22)]
 63501 | Spider:2 | HP: 25/91 [something (14)]
 64049 | Swamp:4  | Killed the 27-headed Lernaean hydra
 64707 | Swamp:4  | Got a decaying rune of Zot
 65614 | D:14     | Found a transporter.
 65817 | D:14     | Found a transporter.
 65818 | D:14     | Noticed Garenzo's ghost (journeyman DrFE)
 66258 | D:14     | Found a runed translucent door.
 66264 | D:14     | Learned a level 4 spell: Passage of Golubria
 66279 | D:14     | Found a stormy altar of Qazlal.
 66380 | D:14     | Reached skill level 1 in Translocations
 68100 | D:15     | Entered Level 15 of the Dungeon
 68160 | D:15     | Found an iron altar of Okawaru.
 68190 | D:15     | Noticed Agnes
 68194 | D:15     | Killed Agnes
 68195 | D:15     | Reached skill level 5 in Translocations
 68386 | D:15     | Found a runed translucent door.
 68391 | D:15     | Found a runed translucent door.
 68393 | D:15     | Noticed a lich
 68394 | D:15     | Noticed Kuralita's ghost (journeyman OpTm)
 68395 | D:15     | Identified the +5 plate armour of Lucidity {Drain +Blink
                  | Fly SInv}
 68769 | D:15     | Found a staircase to the Depths.
 68957 | D:15     | Found Joffizabo's Armour Shoppe.
 69116 | D:15     | Reached XP level 18. HP: 96/96 MP: 39/42
 69465 | Vaults:1 | Entered Level 1 of the Vaults
 70419 | Elf:1    | Entered Level 1 of the Elven Halls
 70540 | Elf:1    | Found a radiant altar of Vehumet.
 71139 | Elf:1    | Noticed Frances
 71146 | Elf:1    | Killed Frances
 71221 | Elf:1    | Learned a level 6 spell: Death Channel
 71273 | Elf:1    | Found Yckane's Assorted Antiques.
 71552 | Elf:1    | Paralysed by an air elemental for 1 turns
 72901 | Elf:1    | Reached skill level 19 in Dodging
 74554 | Elf:2    | Found Ipyrr's Distillery.
 74819 | Elf:2    | Reached skill level 5 in Evocations
 75386 | Elf:2    | Found a runed translucent gate.
 75387 | Elf:2    | Found a runed translucent gate.
 75387 | Elf:2    | Found a runed translucent gate.
 75487 | Elf:3    | Entered Level 3 of the Elven Halls
 75995 | Elf:3    | HP: 27/96 [poisoned by a reaper]
 76000 | Elf:2    | HP: 14/96 [poisoned by a reaper]
 76005 | Elf:2    | HP: 10/96 [poisoned by a reaper]
 76884 | Elf:3    | Noticed a Hell Sentinel
 77710 | Elf:3    | Identified the +3 battleaxe of Ceojett {freeze, Int+3
                  | Stlth+}
 78467 | Elf:3    | Reached XP level 19. HP: 100/100 MP: 38/44
 78760 | Elf:3    | Reached skill level 20 in Dodging
 79066 | Elf:3    | Identified the +0 leather armour "Ybrow" {rN+}
 79066 | Elf:3    | Identified the ring "Memucegg" {rElec rF+ AC+4 Str+3}
 79836 | Elf:3    | Identified Sif Muna's Collected Works on Dusty Ignition
 82827 | Spider:4 | Entered Level 4 of the Spider Nest
 86240 | Spider:4 | Got a gossamer rune of Zot
 86877 | Vaults:1 | Reached skill level 10 in Fighting
 87291 | Vaults:1 | Reached skill level 21 in Dodging
 88687 | Vaults:1 | Reached XP level 20. HP: 106/106 MP: 42/46
 90253 | Vaults:1 | Identified the +1 scale mail "Pecuonyu" {rC+ Will++}
 91990 | Vaults:2 | Found Ilef's Jewellery Boutique.
 92802 | Vaults:2 | Identified the +0 chain mail of Depression {rF+ Dex+2}
 94132 | Vaults:3 | Found Lobrodath's Weapon Shop.
 94135 | Vaults:3 | Reached ***** piety under Ashenzari
 94920 | Vaults:3 | Reached skill level 22 in Dodging
 94958 | Vaults:3 | HP: 32/109 [yaktaur captain/bolt (37)]
 95728 | Vaults:2 | Reached skill level 1 in Summonings
 98623 | Vaults:3 | Reached XP level 21. HP: 114/114 MP: 26/48
 98930 | Vaults:3 | Found a staircase to the Crypt.
 99183 | Vaults:3 | Learned a level 8 spell: Maxwell's Capacitive Coupling
 99660 | Vaults:3 | Identified the +5 dagger of Peril {protect, rPois}
 99730 | Vaults:3 | Identified the +0 helmet "Ciceharu" {Harm rF- Regen+ rCorr}
 99931 | Vaults:3 | Learned a level 7 spell: Spellforged Servitor
100417 | Vaults:4 | Identified the +3 dagger of Dissolution {venom, Str+2 Int-5
                  | Dex+5}
100854 | Vaults:4 | Noticed Xtahua
100870 | Vaults:4 | Killed Xtahua
100871 | Vaults:4 | Reached skill level 5 in Summonings
101000 | Vaults:4 | Identified the +3 halberd of Tumult {protect, rF+ rCorr
                  | Str+2 Dex+4}
101122 | Vaults:4 | Noticed Boris
101138 | Vaults:4 | Killed Boris
101309 | Vaults:4 | Noticed Saint Roka
101329 | Vaults:4 | Killed Saint Roka
102822 | Vaults:4 | Found Lockenawk's Book Shop.
103175 | Depths:1 | Entered Level 1 of the Depths
103248 | Depths:1 | Found Asesom's Distillery.
103250 | Depths:1 | Found Dorr's Weapon Shoppe.
103252 | Depths:1 | Found Vighuyr's Weapon Emporium.
103406 | D:15     | Reached skill level 23 in Dodging
104965 | Depths:1 | Noticed Sojobo
104982 | Depths:1 | Paralysed by an air elemental for 1 turns
105091 | Depths:1 | HP: 26/100 [tengu reaver/bolt of negative energy[Sojobo]
                  | (40)]
105623 | Depths:1 | Killed Sojobo
105827 | Depths:1 | Found an ancient bone altar of Kikubaaqudgha.
106037 | Depths:1 | Found a gateway to Hell.
107014 | Depths:2 | Found a one-way gate leading to the halls of Pandemonium.
107095 | Depths:2 | Reached XP level 22. HP: 65/124 MP: 46/51
107280 | Depths:2 | Noticed a juggernaut
107286 | Depths:2 | Killed a juggernaut
107443 | Depths:2 | Identified the ring "Suuzue Gicai" {rC+ rCorr Stlth+}
107906 | Depths:2 | Acquired the ring "Daremyro" {Will+ MP+9 Int+10}
109034 | Depths:2 | Found a one-way gate to the infinite horrors of the Abyss.
109147 | Depths:2 | Identified the +4 short sword "Trog's Vengeance" {flame,
                  | rElec rF+++ rN+ Stlth-}
109821 | Depths:3 | Noticed a golden dragon
109835 | Depths:3 | Killed a golden dragon
109940 | Depths:3 | Identified Hynneh's Reference Book on Entrancing Moulding
110004 | Depths:3 | Found a one-way gateway to a ziggurat.
110314 | Depths:3 | Reached skill level 10 in Summonings
110533 | Depths:3 | Reached skill level 1 in Hexes
110656 | Depths:3 | Found Goibat's Antique Armour Shop.
111090 | Depths:3 | Identified the +10 battleaxe "Vaitsep" {spect, rElec rCorr
                  | Stlth+}
111608 | Depths:4 | Entered Level 4 of the Depths
111830 | Depths:4 | Noticed a juggernaut
112222 | Depths:4 | Identified the +3 war axe "Obukey" {antimagic, rPois rN++
                  | Int+4 Dex+2 Stlth+}
113009 | Depths:4 | Identified Iskenderun's Papyrus of Combat Magic
113039 | Depths:4 | Killed a juggernaut
113258 | Depths:4 | Reached skill level 5 in Hexes
113535 | Depths:4 | Found a gate to the Realm of Zot.
114630 | Depths:3 | Voluntarily entered the Abyss.
114636 | Abyss:1  | Found a corrupted altar of Lugonu.
114645 | Depths:3 | Escaped the Abyss
114647 | Depths:3 | Voluntarily entered the Abyss.
114673 | Depths:3 | Escaped the Abyss
114675 | Depths:3 | Voluntarily entered the Abyss.
114675 | Abyss:1  | Found a corrupted altar of Lugonu.
114758 | Abyss:3  | Found a corrupted altar of Lugonu.
115026 | Abyss:3  | Reached XP level 23. HP: 59/131 MP: 45/54
115026 | Abyss:3  | Reached XP level 24. HP: 61/136 MP: 45/54
115026 | Abyss:3  | Got an abyssal rune of Zot
115029 | Abyss:3  | HP: 28/136 [meliai/divine providence (17)]
115036 | Abyss:3  | HP: 34/136 [meliai/divine providence (11)]
115047 | Abyss:3  | Found a corrupted altar of Lugonu.
115064 | Depths:3 | Escaped the Abyss
116396 | Elf:3    | Learned a level 7 spell: Enfeeble
116774 | Zot:1    | Entered Level 1 of the Realm of Zot
117479 | Zot:1    | Reached skill level 1 in Maces & Flails
118155 | Zot:1    | Reached XP level 25. HP: 141/142 MP: 32/54
118414 | Zot:1    | Identified the +8 morningstar "Mesufas" {vorpal, Drain
                  | +Blink Dex+6}
120148 | Zot:2    | Found a large runed translucent door.
120148 | Zot:2    | Found a large runed translucent door.
120149 | Zot:2    | Noticed Heoriaro's ghost (legendary GnFi)
120954 | Zot:2    | Killed Heoriaro's ghost
121065 | Zot:3    | Noticed a Killer Klown
121076 | Zot:3    | Killed a Killer Klown
121266 | Zot:3    | Noticed an orb of fire
121280 | Zot:3    | Killed an orb of fire
121608 | Zot:3    | Reached skill level 15 in Fighting
123891 | Zot:4    | Reached skill level 24 in Dodging
124699 | Zot:4    | Identified the +1 ring mail of Vour Evi {-Tele Str+4
                  | Slay+3}
125720 | Zot:4    | Learned a level 8 spell: Disjunction
125975 | Zot:4    | Identified the ring "Kuerisch" {Will+ MP+9}
126947 | Zot:5    | Entered Level 5 of the Realm of Zot
127169 | Pan      | Entered Pandemonium
127171 | Pan      | Found an exit through the horrors of the Abyss.
127180 | Pan      | Took an exit into the Abyss.
127180 | Abyss:1  | Escaped into the Abyss
127180 | Abyss:1  | Found a corrupted altar of Lugonu.
127180 | Abyss:1  | Found a corrupted altar of Lugonu.
127188 | Abyss:1  | Found a corrupted altar of Lugonu.
127196 | Depths:2 | Escaped the Abyss
127229 | Pan      | Entered Pandemonium
127282 | Pan      | Found a runed translucent door.
127553 | Pan      | Identified Sif Muna's Handbook of Quantum Clay
127568 | Pan      | Learned a level 7 spell: Malign Gateway
127980 | Pan      | Entered the realm of Cerebov.
128106 | Pan      | Reached skill level 10 in Translocations
128106 | Pan      | Reached XP level 26. HP: 150/150 MP: 40/55
128717 | Pan      | Identified the +5 battleaxe of Circularity {vorpal, Dex+5}
129144 | Pan      | HP: 48/150 [Brimstone Fiend/damnation (30)]
130011 | Pan      | Identified the amulet "Numueced" {Acrobat rC+ Will+ Str+4
                  | Stlth+}
130336 | Pan      | Found the +6 sword of Cerebov {flame}
130336 | Pan      | Noticed Cerebov
130497 | Pan      | Killed Cerebov
130498 | Pan      | Reached skill level 25 in Dodging
130861 | Pan      | Got a fiery rune of Zot
130914 | Pan      | Learned a level 2 spell: Passwall
131216 | Depths:2 | Escaped Pandemonium
131218 | Pan      | Entered Pandemonium
131320 | Pan      | Noticed Parhubut the pandemonium lord
132034 | Pan      | Identified the +6 trident "Boalec" {protect, +Blink Int+3}
132047 | Pan      | Identified the +0 tower shield "Hoxkeus" {Rampage Dex+5}
132626 | Pan      | Identified the -3 tower shield of Twilight {Slay+2}
132948 | Pan      | Identified the +0 tower shield "Oraalafa" {rF+ rN+ Str+2
                  | Dex-5}
133640 | Pan      | Identified the +0 plate armour "Uvuesm" {rN+}
134722 | Pan      | Identified the ring "Huir Up Bapt" {Wiz rN+ Will+}
134722 | Pan      | Noticed a seraph
134739 | Pan      | Identified the +5 buckler of Action {+Inv}
134749 | Pan      | Identified the +3 leather armour "Aveahiq" {rPois rN+
                  | Slay+3 Stlth+}
135025 | Pan      | Killed a seraph
135279 | Pan      | Found a glowing golden altar of the Shining One.
135289 | Pan      | Got a demonic rune of Zot
135417 | Depths:2 | Escaped Pandemonium
137264 | Zot:5    | Noticed an ancient lich
137293 | Zot:5    | Noticed an ancient lich
137330 | Zot:5    | Killed an ancient lich
137331 | Zot:5    | Reached skill level 26 in Dodging
137331 | Zot:5    | Reached XP level 27. HP: 156/156 MP: 41/55
137336 | Zot:5    | Noticed an orb of fire
137495 | Zot:5    | Noticed a dread lich
137585 | Zot:5    | Killed a dread lich
137738 | Zot:5    | Killed an orb of fire
137739 | Zot:5    | Reached skill level 10 in Evocations
138881 | Zot:5    | Reached skill level 15 in Translocations
139586 | Zot:5    | Got the Orb of Zot
139652 | Zot:5    | Noticed Urugemn the pandemonium lord
139671 | Zot:4    | Noticed Abberph the pandemonium lord
139686 | Zot:3    | HP: 52/158 [disintegration (24)]
139945 | Depths:4 | Noticed Boris
140337 | D:1      | phew
140337 | D:1      | wanted to use the insta-kill air spell
140337 | D:1      | but didnt find it until super late
140337 | D:1      | ash is.. interesting
140337 | D:1      | really helpful when trying to be stealthy
140337 | D:1      | endgame is still kind of stressful
140337 | D:1      | as is having tiny amounts of health only protected by
                  | evasion
140337 | D:1      | maybe could've done more extended, but it was more stress
                  | than fun
140338 | D:$      | Escaped with the Orb!

Illustrated notes

#.##.##.....# #.......
..##......### ###.##♣.
##>.####### #..... ##..#######
#####. ..##....#### ######### ##
#.##.#..##############.......# ##
####....#####........#.##.##.# #.
#.........##...####.#.#.#.#.###.
##.........##..h@###.#..###.....)
...........##.#h####.#.#.#.#.###.
###.............h.##.#.##.##.# #.
#......#####.###.##.#.......# #.
##.....#####........####.#### #.
##.############.###........# ##
#.# #........###.##.## #.#
##.##.##..# #.##..## ##'##
#.....##..# #......#


Turn 140337 on D:1: phew

Levels and vault maps discovered:
D:1:      saegor_arrival_simple_a, layout_loops_corners, serial_bayou_pond_a,
          st_stairs_7, corexii_hall_statues_i, chequers_avenue,
          minmay_split_cup_small
D:2:      layout_basic, dreamdust_ecumenical_altar_sealed_demon, basic_altar
D:3:      layout_loops_ring, chequers_decorated_corner, chequers_big_river,
          kennysheep_generic_room_16
D:4:      layout_basic, minmay_temple_entry_wispy,
          lightli_ossuary_entry_decrepit_ruins
D:5:      layout_basic, mainiacjoe_overflow_small_starburst
D:6:      layout_rooms, amcnicky_altar_gilded, kennysheep_mini,
          elyvilon_altar_4, serial_shops, nicolae_shop_overgrown_old_shop,
          nicolae_shop_waterfront, nicolae_shop_bloodbath_and_beyond,
          serial_bayou_ford_a
D:7:      layout_basic, cheibriados_altar_1, led_xom_imps,
          nicolae_qazlal_general_emergency
D:8:      layout_cave_pods, minmay_ruffians, uniq_erica, uniq_pikel
D:9:      layout_irregular_city, mainiacjoe_overflow_catwalk,
          hangedman_misty_isle
D:10:     minmay_the_grid_octo_2x2 [minmay_the_grid_octo_77,
          minmay_the_grid_octo_empty, minmay_the_grid_octo_vomiting_pacman,
          minmay_the_grid_octo_prize_square_snowflake], layout_layer_cave,
          grunt_temple_overflow_order_and_chaos_2,
          eat_drink_and_be_merry_uskayaw, nicolae_ru_great_annihilating_truth,
          roderic_serpentine_path, skrybe_limestone_x, kennysheep_another_room,
          hellmonk_guarded_unrand_dark_maul
D:11:     layout_basic, dpeg_oklobed_lair, orc_david_3, corexii_corridor_pit,
          nicolae_gozag_cash_rules_everything_around_me
D:12:     layout_long_grid
D:13:     layout_cave_pools, serial_shops, nicolae_shop_waterfront,
          gammafunk_ghost_split, minmay_crystal_room, drop_trap,
          grunt_dithmenos_smoke_and_mirrors
D:14:     layout_roguey [special_room_orc], david_vaults_3,
          gammafunk_ghost_mausoleum, lemuel_tele_altar, lightli_airlock
D:15:     hangedman_depths_entry_civil_slaughter, layout_loops_cross,
          muffindrake_ghost_dual_entry, serial_shops, nicolae_shop_stone,
          okawaru_gym_becter, serial_bayou_pond_a, uniq_agnes
Temple:   jpeg_temple_alley_garden
Lair:1:   layout_regular_city, serial_bayou_shore_b, lemuel_fruit_tree
Lair:2:   layout_cave_pods, nicolae_swamp_entry_splash_gauntlet
Lair:3:   layout_cave_shapes, dummy_spider_entry, uniq_fannar
Lair:4:   layout_hall_layers, grunt_megastairs_4, uniq_rupert, uniq_kirke
Lair:5:   layout_loops_ring, basic_altar
Lair:6:   hangedman_lair_caniforms_friends, layout_regular_city,
          hangedman_lair_tendril_chambers, slime_altar_1
Swamp:1:  layout_basic_swamp, nicolae_swamp_round_clearing
Swamp:2:  nicolae_swamp_decorative_isthmus, layout_falls_marsh,
          evilmike_swamp_ruin_house_5
Swamp:3:  layout_falls_marsh, serial_swamp_ruin, evilmike_swamp_ruin_house_1,
          evilmike_swamp_ruin_house_3, evilmike_swamp_ruin_rubble_1, uniq_nikola
Swamp:4:  swamp_vile, layout_basic_swamp, swamp_pool4, infiniplex_staircase_pool
Spider:1: nicolae_spider_hilbert_zone_4 [nicolae_spider_hilbert_4_sides_2_open,
          nicolae_spider_hilbert_4_sides_1_open,
          nicolae_spider_hilbert_4_sides_1_open,
          nicolae_spider_hilbert_4_sides_1_open,
          nicolae_spider_hilbert_4_sides_1_open,
          nicolae_spider_hilbert_2_sides_1_open,
          nicolae_spider_hilbert_2_sides_1_open,
          nicolae_spider_hilbert_2_sides_1_open,
          nicolae_spider_hilbert_2_sides_1_open,
          nicolae_spider_hilbert_6_sides_1_open,
          nicolae_spider_hilbert_6_sides_1_open,
          nicolae_spider_hilbert_3_sides_1_open,
          nicolae_spider_hilbert_3_sides_1_open], uniq_roxanne
Spider:2: layout_spider_delve, drop_trap, nicolae_spider_not_touching_you,
          uniq_donald
Spider:3: layout_spider_delve, uniq_bai_suzhen
Spider:4: grunt_spider_rune_circles
Orc:1:    layout_caves, uniq_josephine, uniq_harold
Orc:2:    grunt_orc_community_town_hall, layout_caves,
          grunt_orc_community_big_house_1, grunt_orc_community_big_house_1,
          grunt_orc_community_house_1, grunt_orc_community_house_2,
          grunt_orc_community_house_2, grunt_orc_community_house_3,
          enter_volcano_2, serial_shops, shop, uniq_urug
Elf:1:    eino_elf_arrival_altar, layout_onion_city, serial_shops, shop,
          minivault_28, uniq_frances
Elf:2:    nicolae_elf_blades_crystal_corner, layout_rooms, serial_shops,
          nicolae_shop_trees, uniq_aizul
Elf:3:    minmay_elf_hall_curves, layout_geoelf_octagon
Vaults:1: nicolae_vaults_network_star, vaults_room_hallway,
          grunt_vaults_diagonal, vaults_room_door_hall,
          nicolae_vaults_display_case, nicolae_vaults_little_squares_4,
          nicolae_vaults_little_squares_2, hangedman_vaults_corner_blocks,
          ontoclasm_vaults_ring_large, v_misc_27,
          nicolae_vaults_little_squares_2, hangedman_vaults_pinch, v_rooms_4,
          nicolae_vaults_little_squares_5, nicolae_vaults_rhombus_5,
          layout_vaults_omnibox
Vaults:2: vaults_room_large_hall, v_rooms_2, ontoclasm_vaults_ligature,
          v_pattern_4, grunt_vaults_twisty, nicolae_vaults_little_ls,
          nicolae_vaults_border_crossing, nicolae_vaults_gold_heap,
          layout_vaults_omnigrid, serial_shops, shop
Vaults:3: nicolae_vaults_angled_halls, minmay_crypt_entry_skeletal_spiral,
          v_misc_30, v_misc_9, vaults_mumra_hex, v_misc_17, v_misc_26,
          ontoclasm_vaults_shout, nicolae_vaults_network_periphery, v_misc_30,
          ontoclasm_vaults_ring_square, vaults_dpeg_ring, layout_vaults_ring,
          serial_shops, shop
Vaults:4: ontoclasm_vaults_hangar, vaults_mumra_chevron_long, st_cells,
          nicolae_vaults_diagonal_hallway_7, v_pattern_3,
          dpeg_vaults_monster_box, grunt_vaults_bifocal, v_misc_3,
          ontoclasm_vaults_pinch, ontoclasm_vaults_chip, grunt_vaults_focal,
          layout_vaults_big_cross, serial_shops, nicolae_shop_behind_doors,
          uniq_xtahua, uniq_saint_roka, uniq_boris
Depths:1: layout_big_octagon, kiku_gazebo_garden_becter, grunt_mini_vestibule,
          kennysheep_windowed_goal, minmay_shop_star, uniq_sojobo
Depths:2: cheibrodos_tormentor_scu, layout_gridlike, grunt_pan_entry_spiral,
          grunt_hell_entry_dis_old, minmay_misc_feat_square,
          hangedman_abyss_entry_splay, minmay_hedge_maze
Depths:3: minmay_inside_and_out, layout_gridlike, enter_ziggurat_c, abyss_entry,
          nrook_campfire, hell_entry, serial_shops, shop, hex_medium
Depths:4: evilmike_zot_entry_argh, layout_gridlike, serial_corexii_hall,
          corexii_hall_statues_s, corexii_hall_statues_deadend,
          chequers_hall_statues_wall_a, corexii_hall_statues_l,
          chequers_hall_statues_y, corexii_hall_statues_t, hell_entry
Zot:1:    layout_basic, grunt_megastairs_2
Zot:2:    layout_onion_interference, ebering_ghost_disaster_area
Zot:3:    layout_misc_corridors
Zot:4:    kennysheep_oblong_rooms, layout_cathedral_of_symmetry,
          st_single_dragon_hoard_4
Zot:5:    layout_twisted_circle

Skill      XL: |  1  2  3  4  5  6  7  8  9 10 11 12 13 14 15 16 17 18 19 20 21 22 23 24 25 26 27 |
---------------+----------------------------------------------------------------------------------+-----
Spellcasting   | 3 4 6 8 10 12 13 14 15 16 17 19 20 21 23 24 | 24.8
Stealth        | 4 5 6 10 12 13 15 16 18 20 22 24 25 | 25.1
Air Magic      | 3 5 6 7 8 10 12 13 | 13.5
Dodging        | 4 7 10 11 13 16 17 18 19 21 22 23 24 26 | 26.3
Fighting       | 3 6 8 9 10 11 12 14 15 16 17 | 17.2
Shields        | 2 5 |  5.3
Evocations     | 3 7 8 9 10 | 10.9
Necromancy     | 1 5 8 |  8.5
Earth Magic    | 1 7 |  7.6
Conjurations   | 3 6 7 |  7.0
Translocations | 6 8 10 14 15 | 15.2
Summonings     | 3 8 10 | 10.0
Hexes          | 7 8 |  8.9
Maces & Flails | 2 3 |  3.2

Action                   |  1- 3 |  4- 6 |  7- 9 | 10-12 | 13-15 | 16-18 | 19-21 | 22-24 | 25-27 || total
-------------------------+-------+-------+-------+-------+-------+-------+-------+-------+-------++-------
Melee: Rapier            |     4 |     1 |       |       |       |       |       |       |       ||     5
       Short sword       |       |       |     4 |       |       |       |       |       |       ||     4
       Whip              |       |       |       |     3 |    32 |    56 |    65 |    20 |   144 ||   320
Throw: Dart              |       |       |       |       |       |       |       |       |     3 ||     3
 Cast: Shock             |   124 |   137 |    24 |     1 |     1 |       |       |       |       ||   287
       Airstrike         |       |     7 |   129 |   331 |   892 |   386 |     4 |       |       ||  1749
       Summon Lightning  |       |       |       |    39 |   108 |    90 |    39 |    12 |    62 ||   350
       Lightning Bolt    |       |       |       |     8 |    79 |    92 |   119 |     3 |     7 ||   308
       Borgnjor's Vile C |       |       |       |       |       |   239 |   463 |   134 |   364 ||  1200
       Iron Shot         |       |       |       |       |       |   274 |   430 |    95 |   203 ||  1002
       Animate Dead      |       |       |       |       |       |    32 |    59 |    14 |    16 ||   121
       Death Channel     |       |       |       |       |       |     2 |     5 |     1 |     2 ||    10
       Maxwell's Capacit |       |       |       |       |       |       |    26 |    10 |    12 ||    48
       Spellforged Servi |       |       |       |       |       |       |       |    42 |   147 ||   189
       Enfeeble          |       |       |       |       |       |       |       |     6 |    54 ||    60
       Malign Gateway    |       |       |       |       |       |       |       |       |     6 ||     6
       Passage of Golubr |       |       |       |       |       |       |       |       |     1 ||     1
Invok: Curse Item        |       |       |       |     2 |     4 |       |     4 |       |       ||    10
       Shatter the Chain |       |       |       |       |     1 |       |     2 |       |       ||     3
Evoke: Condenser vane    |       |       |       |       |       |       |     1 |       |       ||     1
       Wand              |       |       |       |       |       |       |       |     1 |     4 ||     5
       Lightning rod     |       |       |       |       |       |       |       |       |     2 ||     2
  Use: Scroll            |       |       |    12 |     5 |     1 |     9 |       |     3 |     5 ||    35
       Potion            |       |       |       |       |       |     2 |       |     4 |       ||     6
 Stab: Sleeping          |       |       |       |       |       |       |     1 |       |       ||     1
       Distracted        |       |       |       |       |       |       |       |       |     4 ||     4
       Invisible         |       |       |       |       |       |       |       |       |     3 ||     3
Armor: Robe              |     3 |     2 |     4 |       |     8 |    20 |    16 |     3 |    13 ||    69
       Steam dragon scal |       |       |       |     4 |       |       |       |       |       ||     4
Dodge: Dodged            |    17 |     9 |    15 |    71 |   232 |   576 |   404 |   124 |   387 ||  1835
       Repelled          |       |       |       |     1 |     3 |    11 |    11 |     7 |    29 ||    62
Block: Buckler           |       |       |       |       |     6 |   176 |   251 |    50 |   208 ||   691
       Reflection        |       |       |       |       |       |       |    62 |     2 |    25 ||    89
